 Dungeon Crawl Stone Soup version 0.29-a0-393-g47a863cc1b (webtiles) character file.

Game seed: 3908481999143032027

2055 domi the Conjurer (level 9, 0/53 (57) HPs)
             Began as a Demonspawn Hedge Wizard on May 9, 2022.
             Was an Initiate of Gozag.
             Slain by a wight
             ... wielding a +5 halberd
              (2 damage)
             ... on level 6 of the Dungeon.
             The game lasted 00:10:58 (7091 turns).

domi the Conjurer (Demonspawn Hedge Wizard)         Turns: 7091, Time: 00:10:58

HP:   0/53 (57)     AC:  8    Str: 17    XL:     9   Next: 5%
MP:   6/13          EV: 12    Int: 19    God:    Gozag
Gold: 167           SH:  0    Dex: 13    Spells: 6/14 levels left

rFire   . . .      SeeInvis +   o - +8 spear of the Purple Skies {drain, Str+6}
rCold   . . .      Faith    .   (no shield)
rNeg    . . .      Spirit   .   b - +0 robe
rPois   .          Reflect  .   (helmet unavailable)
rElec   .          Harm     .   u - +2 cloak
rCorr   .          Rampage  .   (no gloves)
Will    .....                   (no boots)
Stlth   ++........              (no amulet)
HPRegen 0.17/turn               n - ring of wizardry {Wiz+}
MPRegen 0.13/turn               (no ring)

@: mighty, drained
A: antennae 3, icy blue scales 2
a: Renounce Religion, Potion Petition, Call Merchant, Bribe Branch


You were on level 6 of the Dungeon.
You worshipped Gozag.
Gozag was aware of your devotion.
You visited 2 branches of the dungeon, and saw 7 of its levels.

You collected 245 gold pieces.
You paid 78 gold pieces to Gozag.

Inventory:

Hand Weapons
 a - a +0 dagger
 j - a +0 whip of flaming
   (You took it off a kobold on level 1 of the Dungeon)
 o - the +8 spear of the Purple Skies (weapon) {drain, Str+6}
   (You found it on level 2 of the Dungeon)

   A truly terrible weapon, it drains the life of any living foe it strikes.
   Str:       It affects your strength (+6).
Armour
 b - a +0 robe (worn)
 u - a +2 cloak (worn)
   (You found it on level 3 of the Dungeon)
Jewellery
 n - a ring of wizardry (left hand) {Wiz+}
   (You found it on level 2 of the Dungeon)
Scrolls
 e - a scroll of silence {unknown}
 g - a scroll of poison {unknown}
 k - 6 scrolls of identify {unknown}
 l - a scroll of brand weapon {unknown}
 p - a scroll of blinking {unknown}
 r - a scroll of enchant armour {unknown}
 v - 3 scrolls of summoning {unknown}
 y - a scroll of noise {unknown}
 z - 2 scrolls of teleportation {unknown}
 B - a scroll of enchant weapon {unknown}
 C - 2 scrolls of magic mapping {unknown}
Potions
 h - a potion of haste {unknown}
 i - 2 potions of lignification {!q!q}
 m - a potion of invisibility {unknown}
 q - a potion of degeneration {unknown}
 s - a potion of curing {@q1}
 t - a potion of attraction {unknown}
 w - a potion of might
 x - a potion of berserk rage {unknown}
 A - a potion of brilliance {unknown}


   Skills:
 - Level 1.7 Dodging
 - Level 1.7 Stealth
 + Level 3.2 Spellcasting
 - Level 5.0 Conjurations
 - Level 5.0 Summonings
 - Level 5.0 Translocations
 - Level 5.0 Air Magic
 - Level 5.0 Poison Magic


You had 6 spell levels left.
You knew the following spells:

 Your Spells              Type           Power      Damage    Failure   Level
b - Blink                 Tloc           44%        N/A       1%          2
c - Mephitic Cloud        Conj/Pois/Air  22%        N/A       2%          3
x - Call Imp              Summ           22%        N/A       1%          2
z - Magic Dart            Conj           88%        1d7       1%          1

Your spell library contained the following spells:

 Spells                   Type           Power      Damage    Failure   Level
 Slow                     Hex            12%        N/A       6%          1
 Conjure Flame            Conj/Fire      12%        6-21      6%          3
 Spider Form              Tmut/Pois      12%        N/A       6%          3
 Ensorcelled Hibernation  Hex/Ice        6%         N/A       9%          2
 Frozen Ramparts          Ice            6%         1d2       17%         3
 Summon Ice Beast         Ice/Summ       12%        N/A       21%         4
 Manifold Assault         Tloc           22%        N/A       21%         5
 Anguish                  Hex/Necr       1%         N/A       50%         4
 Ice Form                 Ice/Tmut       3%         N/A       50%         4
 Storm Form               Tmut/Air       6%         N/A       100%        7


Dungeon Overview and Level Annotations

Branches:
Dungeon (6/15)             Temple (1/1) D:6

Altars:
Ashenzari
Cheibriados
Dithmenos
Elyvilon
Fedhas
Gozag
Hepliaklqana
Kikubaaqudgha
Makhleb
Nemelex Xobeh
Okawaru
Ru
Sif Muna
Trog
Uskayaw
Vehumet
Wu Jian
Xom
Yredelemnul
Zin

Annotations:
D:4 3 runed translucent doors, NateTC's ghost, amateur MiFi


Innate Abilities, Weirdness & Mutations

You have a pair of large antennae on your head. (SInv)
You are mostly covered in icy blue scales. (AC +3)


Message History

Found a hazy altar of Hepliaklqana.
Done exploring.
Done exploring.
Done exploring.
Done exploring.
Done exploring.
There is an iron altar of Okawaru here.
There is an ornate altar of the Wu Jian Council here.
There is a sacrificial altar of Ru here.
There is an opulent altar of Gozag here.
You kneel at the altar of Gozag.
Gozag welcomes you!
You pay a service fee of 78 gold.
(D) Dungeon (T) Temple
Where to? (Enter - Temple @ (x,y), ? - help)
There is a shadowy altar of Dithmenos here.
There is a staircase back to the Dungeon here.
You climb upwards.
Welcome back to the Dungeon!
There is a staircase to the Ecumenical Temple here.
Things that are here:
a +2 leather armour of cold resistance; a +0 club; an orc skeleton
Things that are here:
a +0 robe; a +2 trident of distortion {!w} You see here a +0 quarterstaff.
A wight is nearby!
A wight is nearby!
A wight is nearby!
A beastly little devil appears in a puff of flame.
You now have 11/13 mp.
Aim: a wight, wielding a +5 halberd and wearing a +0 robe (ally target, 100% to hit)
The magic dart hits the wight.
You now have 10/13 mp.
Aim: a wight, wielding a +5 halberd and wearing a +0 robe (lightly damaged, ally target, 100% to hit)
The magic dart hits the wight but does no damage.
You now have 9/13 mp.
Aim: a wight, wielding a +5 halberd and wearing a +0 robe (lightly damaged, ally target, 100% to hit)
The magic dart hits the wight.
You now have 8/13 mp.
Aim: a wight, wielding a +5 halberd and wearing a +0 robe (lightly damaged, ally target, 100% to hit)
The magic dart hits the wight.
Your crimson imp barely misses the wight.
You now have 7/13 mp.
Aim: a wight, wielding a +5 halberd and wearing a +0 robe (moderately damaged, ally target, 100% to hit)
The magic dart hits the wight.
The wight barely misses you.
Your crimson imp hits the wight but does no damage.
You now have 6/13 mp.
Aim: a wight, wielding a +5 halberd and wearing a +0 robe (moderately damaged, ally target, 100% to hit)
The magic dart hits the wight but does no damage.
The wight hits you from afar with a +5 halberd!
Your crimson imp hits the wight but does no damage.
You take 12 damage, and have 45/57 hp.
MASSIVE DAMAGE!!
You now have 5/13 mp.
The wight closely misses your crimson imp.
The wight misses you.
Your crimson imp hits the wight.
The wight hits you from afar with a +5 halberd.
Your crimson imp blinks!
You take 2 damage, and have 43/57 hp.
The wight closely misses you.
The wight barely misses your crimson imp.
Your crimson imp hits the wight.
Your crimson imp hits the wight but does no damage.
The wight hits you with a +0 scimitar.
Your crimson imp hits the wight.
You take 4 damage, and have 40/57 hp.
You blink.
The wight barely misses you.
You now have 4/13 mp.
The wight hits you but does no damage.
Your crimson imp hits the wight but does no damage.
The wight hits you with a +3 morningstar!
You feel drained.
Your crimson imp hits the wight but does no damage.
You take 17 damage, and have 23/55 hp.
MASSIVE DAMAGE!!
You feel stable enough to blink again.
Your crimson imp hits the wight but does no damage.
The wight attacks as you move away! The wight hits you but does no damage.
Your crimson imp misses the wight.
The wight attacks as you move away! The wight misses you.
The wight attacks as you move away! The wight closely misses you.
The wight attacks as you move away!
The wight hits you with a +3 morningstar!
* * * LOW HITPOINT WARNING * * *
You take 11 damage, and have 13/55 hp.
It was a potion of curing.
You feel better.
The wight hits you with a +3 morningstar!
* * * LOW HITPOINT WARNING * * *
The wight completely misses you.
You take 1 damage, and have 12/55 hp.
It was a potion of might.
You feel very mighty all of a sudden. The wight closely misses you.
Your crimson imp barely misses the wight.
You feel mightier all of a sudden. The wight completely misses you.
The wight hits you from afar with a +5 halberd!
* * * LOW HITPOINT WARNING * * *
You feel drained.
You die...
Your body crumbles into a pile of gold.

...........## #.........#
............## ###########
.............##
..............##
...............# #######
..........5z.5.#######
#......
.............#zz##...#
#.)....
#............##z##.^.##
#......
##..........####@.....#
#...... ############
#......# #...... #......#
#...... ##....## ##.....
#### ##...# ##..... #..#####
##..### ##...... ##
#......## ###)...###..##...
z####......>#
##....#.....####..
{..##...[#######...######.##
##.


You could see 3 wights and a friendly crimson imp (summoned).

Vanquished Creatures
  Pikel (D:5)
  Sigmund (D:5)
  A water moccasin (D:6)
  2 black bears
  A centaur (D:6)
  A gnoll sergeant (D:6)
  A necrophage (D:6)
  4 scorpions
  A wight (D:6)
  A jelly (D:4)
  A hound (D:5)
  3 orc priests (D:6)
  2 iguanas (D:6)
  An orc wizard (D:6)
  4 adders
  4 gnolls (D:6)
  2 white imps
  An ufetubus (D:5)
  7 orcs
  9 ball pythons
  9 endoplasms
  5 giant cockroaches
  2 goblins (D:3)
  6 hobgoblins
  7 jackals
  A quokka (D:1)
  4 bats (D:1)
  A frilled lizard (D:2)
  9 kobolds
  4 rats
96 creatures vanquished.

Vanquished Creatures (collateral kills)
  Prince Ribbit (D:4)
  An ogre (D:4)
  A rat (D:3)
3 creatures vanquished.

Grand Total: 99 creatures vanquished

Notes
Turn   | Place    | Note
-------+----------+-------------------------------------------
     0 | D:1      | domi the Demonspawn Hedge Wizard began the quest for the
                  | Orb.
     0 | D:1      | Reached XP level 1. HP: 13/13 MP: 4/4
   511 | D:1      | Reached skill level 2 in Conjurations
   558 | D:1      | Gained mutation: You are partially covered in icy blue
                  | scales. (AC +2) [demonic ancestry]
   558 | D:1      | Reached XP level 2. HP: 12/19 MP: 0/6
  1510 | D:2      | Reached skill level 3 in Conjurations
  1510 | D:2      | Gained mutation: You are mostly covered in icy blue scales.
                  | (AC +3) [demonic ancestry]
  1510 | D:2      | Reached XP level 3. HP: 24/24 MP: 0/7
  1923 | D:2      | Identified the +8 spear of the Purple Skies {drain, Str+6}
  2331 | D:3      | Learned a level 2 spell: Call Imp
  2334 | D:3      | Learned a level 2 spell: Blink
  2338 | D:3      | Learned a level 3 spell: Mephitic Cloud
  2352 | D:3      | Noticed a scorpion
  2378 | D:3      | Gained mutation: You have a pair of small antennae on your
                  | head. [demonic ancestry]
  2378 | D:3      | Reached XP level 4. HP: 30/30 MP: 6/8
  2485 | D:3      | Reached skill level 4 in Conjurations
  2604 | D:3      | Killed a scorpion
  2937 | D:3      | Found a faded altar of an unknown god.
  3043 | D:3      | Reached XP level 5. HP: 35/35 MP: 9/9
  3060 | D:3      | Found a burning altar of Makhleb.
  3268 | D:4      | Reached skill level 5 in Conjurations
  3268 | D:4      | Reached skill level 2 in Summonings
  3432 | D:4      | Reached skill level 3 in Summonings
  3499 | D:4      | Noticed an ogre
  3508 | D:4      | Killed an ogre
  3509 | D:4      | Reached skill level 4 in Summonings
  3509 | D:4      | Reached XP level 6. HP: 41/41 MP: 6/10
  3601 | D:4      | Reached skill level 5 in Summonings
  3796 | D:4      | Found a runed translucent gate.
  3797 | D:4      | Found a runed translucent gate.
  3797 | D:4      | Noticed NateTC's ghost (amateur MiFi)
  3798 | D:4      | Found a runed translucent gate.
  4135 | D:5      | Entered Level 5 of the Dungeon
  4135 | D:5      | Noticed Prince Ribbit
  4138 | D:5      | Noticed Pikel
  4143 | D:4      | HP: 9/41 [Prince Ribbit (10)]
  4143 | D:4      | HP: 2/41 [Prince Ribbit (7)]
  4149 | D:4      | Killed Prince Ribbit
  4150 | D:4      | Reached skill level 2 in Air Magic
  4150 | D:4      | Reached skill level 2 in Poison Magic
  4150 | D:4      | Gained mutation: You have a pair of antennae on your head.
                  | [demonic ancestry]
  4150 | D:4      | Reached XP level 7. HP: 5/46 MP: 6/11
  4673 | D:5      | Noticed Sigmund
  4683 | D:5      | Killed Sigmund
  4684 | D:5      | Reached skill level 3 in Air Magic
  4684 | D:5      | Reached skill level 3 in Poison Magic
  5040 | D:5      | Killed Pikel
  5041 | D:5      | Reached skill level 4 in Air Magic
  5041 | D:5      | Reached skill level 5 in Poison Magic
  5041 | D:5      | Gained mutation: You have a pair of large antennae on your
                  | head. (SInv) [demonic ancestry]
  5041 | D:5      | Reached XP level 8. HP: 44/52 MP: 4/12
  5052 | D:5      | Reached skill level 5 in Air Magic
  5052 | D:5      | Reached skill level 1 in Translocations
  5416 | D:5      | Found a shimmering altar of Xom.
  5418 | D:5      | Found a shimmering blue altar of Sif Muna.
  5505 | D:6      | Reached skill level 2 in Translocations
  5574 | D:6      | Reached skill level 3 in Translocations
  5859 | D:6      | HP: 13/52 [poisoned by a water moccasin]
  5860 | D:6      | Reached skill level 4 in Translocations
  5863 | D:6      | HP: 6/52 [poisoned by a water moccasin]
  5868 | D:6      | HP: 2/52 [poisoned by a water moccasin]
  6409 | D:6      | Reached XP level 9. HP: 31/57 MP: 3/13
  6412 | D:6      | Found a staircase to the Ecumenical Temple.
  6661 | D:6      | Reached skill level 5 in Translocations
  6709 | Temple   | Entered the Ecumenical Temple
  6955 | Temple   | Became a worshipper of Gozag Ym Sagoz the Greedy
  7087 | D:6      | HP: 13/55 [wight/+3 morningstar (11)]
  7091 | D:6      | HP: 2/55 [wight/+5 halberd (11)]
  7091 | D:6      | Slain by a wight

Illustrated notes

Levels and vault maps discovered:
D:1:      erik_arrival_cave_to_civilisation [erik_arrival_cave_to_hall],
          layout_basic, serial_bayou_pond_e, minmay_split_cup_large
D:2:      layout_rooms, dreamdust_princess_bridge
D:3:      layout_basic, mainiacjoe_overflow_surrounded_room,
          shapermc_ecumenical_altar_pompeii
D:4:      layout_loops_cross, gammafunk_ghost_necromancy
D:5:      layout_loops_ring, minitemple, minmay_misc_feat_hallway, uniq_sigmund,
          uniq_pikel, uniq_prince_ribbit1
D:6:      layout_cave_pods, minmay_temple_entry_proselytizer,
          nicolae_wooded_promenade
Temple:   regret_index_temple_sphere_string

Skill      XL: |  1  2  3  4  5  6  7  8  9 |
---------------+----------------------------+-----
Conjurations   | 2 3 4 5 |  5.0
Summonings     | 4 5 |  5.0
Air Magic      | 2 4 5 |  5.0
Poison Magic   | 2 5 |  5.0
Translocations | 4 5 |  5.0
Dodging        | |  1.7
Stealth        | |  1.7
Spellcasting   | |  3.2

Action                   |  1- 3 |  4- 6 |  7- 9 || total
-------------------------+-------+-------+-------++-------
Melee: Dagger            |    13 |       |       ||    13
       Whip              |    15 |    10 |       ||    25
       Spear             |       |    51 |    67 ||   118
 Cast: Magic Dart        |    90 |    13 |    77 ||   180
       Call Imp          |       |     4 |     3 ||     7
       Blink             |       |     1 |     1 ||     2
       Mephitic Cloud    |       |       |     5 ||     5
  Use: Potion            |       |     1 |     4 ||     5
 Stab: Sleeping          |       |     1 |       ||     1
       Confused          |       |       |     4 ||     4
Armor: Robe              |    11 |    13 |    39 ||    63
       Skin              |       |     2 |       ||     2
Dodge: Dodged            |    24 |    31 |    64 ||   119

Table legend: (Time is in decaauts)
 A = Elapsed time spent in this place.
 B = Non-inter-level travel time spent in this place.
 C = Inter-level travel time spent in this place.
 D = Time resting spent in this place.
 E = Time spent auto-exploring this place.
 F = Levels seen in this place.
 G = Mean time per level.
                   A        B        C        D        E       F      G
               +--------+--------+--------+--------+--------+-----+--------+
         Total |   7110 |   6690 |    420 |    955 |   4860 |   7 | 1015.7 |
       Dungeon |   6847 |   6477 |    370 |    955 |   4663 |   6 | 1141.2 |
        Temple |    262 |    212 |     50 |      0 |    197 |   1 |  262.0 |
               +--------+--------+--------+--------+--------+-----+--------+

Top non-repeatable levels by time:
     D:1: 1326 daAuts
     D:4: 1191 daAuts
     D:5: 1187 daAuts
     D:6: 1106 daAuts
     D:3: 1024 daAuts
     D:2: 1010 daAuts
  Temple: 262 daAuts

Table legend:
 A = Kills in this place as a percentage of kills in entire the game.
 B = Kills by you in this place as a percentage of kills by you in the entire game.
 C = Kills by friends in this place as a percentage of kills by friends in the entire game.
 D = Other kills in this place as a percentage of other kills in the entire game.
 E = Experience gained in this place as a percentage of experience gained in the entire game.
 F = Experience gained in this place divided by the number of levels of this place that you have seen.
                   A       B       C       D       E      F
               +-------+-------+-------+-------+-------+----------------------
         Total | 100.0 | 100.0 | 100.0 | 100.0 | 100.0 | 419.6
       Dungeon | 100.0 | 100.0 | 100.0 | 100.0 | 100.0 | 489.5
               +-------+-------+-------+-------+-------+----------------------
